AoeStats
← Moul_Thon

Arena

509485084Analyzed
2v2 RM · 7d ago on Sep 26, 2026· 50m 0s· 4 players
Game mode
Random Map
Map size
Medium (4 player)
Population
200
Speed
Normal
Resources
Standard
Victory
Conquest
Starting age
Dark Age
Ending age
Imperial Age
RankedLock teamsTeams togetherTeam positionsShared explorationLock speedFull tech treeHidden civsTurbo modeCheats
Victory
Defeat
🇲🇦 Celts · Morocco
1261
+14
🇲🇦 Teutons · Morocco
1251
+15
🇹🇷 Japanese · Türkiye
1259
-16
🇹🇷 Malians · Türkiye
1196
-13
D.M.G.
11:24 Feudal Age
13:38 Fletching
20:18 Castle Age
25:21 Double-Bit Axe
28:06 Wheelbarrow
31:48 Gold Mining
31:43 Horse Collar
32:16 Bow Saw
35:29 Imperial Age
34:08 Crossbowman
35:38 Gold Shaft Mining
34:54 Stone Mining
36:12 Bodkin Arrow
37:01 Padded Archer Armor
37:23 Conscription
38:04 Thumb Ring
37:54 Arbalester
40:23 Leather Archer Armor
HT
10:58 Feudal Age
14:29 Castle Age
13:45 Double-Bit Axe
18:27 Bow Saw
21:23 Scale Mail Armor
22:32 Forging
25:47 Squires
26:55 Horse Collar
28:10 Chain Mail Armor
33:50 Imperial Age
31:23 Fletching
31:34 Padded Archer Armor
31:26 Elite Skirmisher
32:56 Wheelbarrow
32:44 Gold Mining
33:41 Ballistics
33:27 Loom
33:44 Town Watch
35:10 Hand Cart
36:02 Chemistry
34:50 Capped Ram
36:57 Bodkin Arrow
37:18 Leather Archer Armor
37:34 Crossbowman
39:44 Two-Man Saw
42:37 Arbalester
DaYF1786
7:43 Loom
9:45 Feudal Age
11:13 Fletching
18:21 Wheelbarrow
21:56 Castle Age
21:30 Double-Bit Axe
21:29 Horse Collar
29:02 Hand Cart
28:33 Town Watch
29:26 Gold Mining
29:27 Stone Mining
34:12 Town Patrol
38:01 Imperial Age
35:46 Scale Mail Armor
36:30 Fortified Wall
37:02 Forging
37:54 Stone Shaft Mining
39:46 Iron Casting
39:27 Chain Mail Armor
40:25 Conscription
39:26 Elite Teutonic Knight
42:05 Blast Furnace
41:01 Bodkin Arrow
42:19 Plate Mail Armor
41:32 Cavalier
43:52 Scale Barding Armor
44:02 Paladin
Moul_Thon
12:10 Feudal Age
16:26 Castle Age
14:15 Double-Bit Axe
14:13 Horse Collar
15:24 Town Watch
17:53 Wheelbarrow
21:00 Gold Mining
22:54 Bow Saw
24:01 Gold Shaft Mining
28:10 Imperial Age
25:54 Padded Archer Armor
25:44 Fletching
26:01 Heavy Plow
27:15 Hand Cart
27:19 Leather Archer Armor
27:50 Crossbowman
28:43 Bodkin Arrow
31:47 Ballistics
32:24 Ring Archer Armor
33:29 Conscription
33:54 Loom
35:21 Chemistry
35:24 Stone Mining
37:40 Light Cavalry
38:20 Husbandry
38:30 Scale Barding Armor
38:36 Forging
42:42 Chain Barding Armor
42:58 Iron Casting
45:55 Hussar
46:43 Scale Mail Armor
Connection lost

Rejoining the realm…

Still unreachable

The connection could not be restored.

Session expired

The server has moved on; the page needs a fresh start.